 Dungeon Crawl Stone Soup version 0.13.0-59-g13bd910 (webtiles) character file.

26106 M4edhros the Nimbus (level 13, 0/74 HPs)
             Began as an Octopode Artificer on Nov 18, 2013.
             Was a High Priest of Fedhas.
             Slain by a spiny frog (23 damage)
             ... on Level 6 of the Lair of Beasts.
             The game lasted 01:23:46 (17620 turns).

M4edhros the Nimbus (Octopode Artificer)           Turns: 17620, Time: 01:23:46

HP   0/74        AC  3     Str 11 (12) XL: 13   Next: 17%
MP  27/27        EV 19     Int 34      God: Fedhas [*****.]
Gold 935         SH  0     Dex 16      Spells:  4 memorised,  6 levels left

Res.Fire  : + . .   See Invis. : .   y - +6,+8 dagger "Striewey" {freeze, Hunger+ rF+ Int+2}
Res.Cold  : + . .   Warding    : .   (no shield)
Life Prot.: + . .   Conserve   : .   R - +2 wizard hat {Int+3}
Res.Poison: +       Res.Corr.  : .   H - amulet of faith
Res.Elec. : +       Clarity    : .   i - +2 ring of intelligence
Sust.Abil.: . .     Spirit.Shd : .   j - +4 ring of dexterity
Res.Mut.  : .       Stasis     : .   G - ring of protection from fire
Res.Rott. : .       Flight     : .   T - +3 ring of intelligence
Saprovore : . . .                    s - ring of ice
                                     S - ring of wizardry
                                     x - ring "Quiq Stu Stra" {Wiz rElec rPois rN+}
                                     D - ring of Leaves {Str+2 Int+4}

@: somewhat resistant to hostile enchantments, quite stealthy
A: almost no armour, amphibious, 8 rings, constrict 8, camouflage 1, fast
metabolism 1, mutation resistance 2, AC +1
a: Evolution, Sunlight, Growth, Reproduction, Rain, Renounce Religion


You were on level 6 of the Lair of Beasts.
You worshipped Fedhas.
Fedhas was extremely pleased with you.
You were near starving.

You visited 3 branches of the dungeon, and saw 19 of its levels.

You collected 1239 gold pieces.
You spent 324 gold pieces at shops.

Inventory:

Hand weapons
 k - a +2,+2 sling of flame
 p - a +2 blowgun
 y - the +6,+8 dagger "Striewey" (weapon) {freeze, Hunger+ rF+ Int+2}
   (You took it off a crimson imp on level 7 of the Dungeon)

   It has been specially enchanted to freeze those struck by it, causing extra
   injury to most foes and up to double damage against particularly susceptible
   opponents.
   It can also slow down cold-blooded creatures.
   It affects your intelligence (+2).
   It protects you from fire.
   It greatly speeds your metabolism.
Missiles
 h - 7 curare-tipped needles
 l - 64 stones (quivered)
 m - 61 sling bullets
 q - 34 poisoned needles
 z - 7 poisoned sling bullets
 C - 21 exploding sling bullets
Armour
 R - a +2 wizard hat of intelligence (worn)
Magical devices
 f - a wand of teleportation (6)
 u - a wand of lightning (5)
 O - a wand of confusion (14)
 P - a wand of disintegration (4)
 V - a wand of enslavement (8)
Comestibles
 d - a pear
 w - 2 chokos
 X - 5 meat rations
Scrolls
 a - a scroll of magic mapping
 b - a scroll of fear
 r - 2 scrolls of teleportation
 B - a scroll of fog
 E - a scroll of identify
 J - a scroll of remove curse
 N - a scroll of amnesia
Jewellery
 i - a +2 ring of intelligence (left tentacle)
 j - a +4 ring of dexterity (right tentacle)
 s - a ring of ice (on tentacle)
 x - the ring "Quiq Stu Stra" (on tentacle) {Wiz rElec rPois rN+}
   (You found it on level 11 of the Dungeon)

   [ring of wizardry]

   It insulates you from electricity.
   It protects you from poison.
   It protects you from negative energy.
 D - the ring of Leaves (on tentacle) {Str+2 Int+4}
   (You found it on level 11 of the Dungeon)

   [ring of intelligence]

   It affects your intelligence (+4).
   It affects your strength (+2).
 F - an uncursed ring of teleportation
 G - a ring of protection from fire (on tentacle)
 H - an amulet of faith (around mantle)
 I - an uncursed ring of teleport control
 S - a ring of wizardry (on tentacle)
 T - a +3 ring of intelligence (on tentacle)
Potions
 c - a potion of flight
 e - a potion of restore abilities
 g - a potion of resistance
 o - 5 potions of curing
 v - 3 potions of invisibility
 L - a potion of speed
 Q - 6 potions of heal wounds
 W - 3 potions of brilliance
 Y - a potion of might {unknown}
Books
 n - a book of Battle

   Spells                             Type                      Level
   Infusion                           Charms                       1
   Shroud of Golubria                 Charms/Translocation         2
   Song of Slaying                    Charms                       2
   Spectral Weapon                    Hexes/Charms                 3
   *Regeneration                      Charms/Necromancy            3
   Song of Shielding                  Charms                       4
 t - a book of Alchemy

   Spells                             Type                      Level
   Lethal Infusion                    Charms/Necromancy            2
   Sublimation of Blood               Necromancy                   2
   Condensation Shield                Ice                          4
   Alistair's Intoxication            Transmutation/Poison         4
   Petrify                            Transmutation/Earth          4
   Ignite Poison                      Fire/Transmutation           5
 A - a book of Clouds

   Spells                             Type                      Level
   *Mephitic Cloud                    Conjuration/Poison/Air       3
   *Conjure Flame                     Conjuration/Fire             3
   *Poisonous Cloud                   Conjuration/Poison/Air       6
   Freezing Cloud                     Conjuration/Ice/Air          6
   Ring of Flames                     Charms/Fire                  7
 K - a book of Battle

   Spells                             Type                      Level
   Infusion                           Charms                       1
   Shroud of Golubria                 Charms/Translocation         2
   Song of Slaying                    Charms                       2
   Spectral Weapon                    Hexes/Charms                 3
   *Regeneration                      Charms/Necromancy            3
   Song of Shielding                  Charms                       4
 M - a book of Wizardry

   Spells                             Type                      Level
   Summon Elemental                   Summoning                    4
   Agony                              Necromancy                   5
   Force Lance                        Conjuration                  5
   Fireball                           Conjuration/Fire             5
   Haste                              Charms                       6
   Invisibility                       Hexes                        6
Miscellaneous
 U - a lamp of fire


   Skills:
 - Level 1.0 Fighting
 - Level 1.0 Short Blades
 + Level 10.4 Slings
 - Level 5.5 Throwing
 + Level 10.1 Dodging
 - Level 1.3 Stealth
 + Level 4.7 Spellcasting
 * Level 6.4 Conjurations
 * Level 6.0 Air Magic
 * Level 9.2 Poison Magic
 + Level 10.6 Invocations
 - Level 3.2 Evocations


You had 6 spell levels left.
You knew the following spells:

 Your Spells              Type           Power        Failure   Level  Hunger
a - Mephitic Cloud        Conj/Pois/Air  ######..     1%          3    None
b - Conjure Flame         Conj/Fire      ##......     1%          3    None
c - Poisonous Cloud       Conj/Pois/Air  ######....   12%         6    ######.
d - Regeneration          Chrm/Necr      #.........   4%          3    None


Dungeon Overview and Level Annotations

Branches:
Dungeon (12/27)            Temple (1/1) D:4             Orc (0/4) D:8
   Lair (7/8) D:12         Spider (0/5) Lair:3
  Swamp: Lair:3-6    Shoals: Lair:3-6     Snake: Lair:3-6     Slime: Lair:6-8

Altars:
Ashenzari
Cheibriados
Elyvilon
Fedhas
Kikubaaqudgha
Makhleb
Nemelex Xobeh
Okawaru
Sif Muna
Trog
Vehumet
Xom
Yredelemnul
Zin
the Shining One

Shops:
D:6 [   D:8 ([=   D:11 !


Innate Abilities, Weirdness & Mutations

You cannot wear most types of armour.
You are amphibious.
You can wear up to eight rings at the same time.
You can use your tentacles to constrict many enemies at once.
Your skin changes colour to match your surroundings (Stlth).
Your rubbery body absorbs attacks (AC +1).
You have a fast metabolism.
You are somewhat resistant to both further mutation and mutation removal.


Message History

The sling bullet of flame hits the spiny frog.
The spiny frog is heavily wounded.
The spiny frog stings you!
Wield which item (- for none, * to show all)? (? for menu, Esc to quit)
You feel clever.
It glows with a cold blue light!
y - the +6,+8 dagger "Striewey" (weapon)
{freeze, Hunger+ rF+ Int+2} You hit the spiny frog but do no damage.
Your grab misses the spiny frog.
The spiny frog is heavily wounded.
The spiny frog stings you!
You closely miss the spiny frog. You grab the spiny frog.
The spiny frog is heavily wounded.
You constrict the spiny frog, but do no damage.
The spiny frog completely misses you. The spiny frog stings you!
You hit the spiny frog. You freeze the spiny frog. You squeeze the spiny frog.
The spiny frog is severely wounded.
You constrict the spiny frog. The spiny frog stings you!
You die...
Fedhas appreciates your contribution to the ecosystem.

###f..........
#.............
##f...........
##..........#
#P.........#
#........###
#.......#.f.
#.......#...
##.@........
#.F........
#..(.......
#..(..#.#..
#f.(..#.# .
#.....# .
#......
.#.(.... ((.


You could see a spiny frog.

Vanquished Creatures
  Gastronok (D:9)
  Harold (Lair:1)
  Erica (D:12)
  2 black mambas
  2 unseen horrors
  A swamp dragon (shapeshifter) (D:9)
  An ice statue (D:11)
  3 hill giants (D:11)
  4 spiny frogs
  A fire drake (Lair:3)
  A komodo dragon (D:11)
  7 blink frogs (Lair:4)
  3 trolls
  A slime creature (D:11)
  A basilisk (Lair:2)
  A wyvern (D:11)
  A water elemental (D:11)
  4 hippogriffs
  4 wolves (Lair:7)
  4 hungry ghosts
  10 yaks
  A merfolk (D:10)
  A shark (D:11)
  A manticore (D:10)
  2 mottled dragons (D:11)
  2 porcupines (Lair:4)
  4 ogres
  An orc warrior (D:7)
  5 ice beasts (D:11)
  A phantom (D:9)
  A giant goldfish (D:11)
  2 sky beasts
  6 centaurs
  A yellow wasp (D:11)
  8 crocodiles
  Sigmund (D:2)
  4 water moccasins
  4 giant slugs
  A big kobold (D:11)
  8 giant frogs
  2 agate snails (Lair:4)
  2 cyclops skeletons (D:10)
  2 wights (D:7)
  5 killer bees
  An eye of draining (D:11)
  A troll skeleton (D:8)
  An electric eel (D:11)
  A yak skeleton (D:12)
  3 jellyfish (D:11)
  12 crimson imps
  4 hounds
  2 jellies
  6 iguanas
  A centaur skeleton (D:4)
  3 scorpions
  4 big fish
  2 orc priests
  12 orc wizards
  3 worker ants
  A sheep (D:11)
  A mummy (D:11)
  3 gnolls
  2 giant mites
  13 adders
  25 green rats
  3 giant centipedes
  5 worms
  An adder skeleton (D:10)
  2 giant geckos
  29 orcs
  5 giant cockroaches
  12 goblins
  16 hobgoblins
  12 jackals
  24 kobolds
  11 quokkas
  A ball python (D:2)
  10 bats
  3 giant newts
  A jackal skeleton (D:6)
  19 rats
374 creatures vanquished.

Vanquished Creatures (collateral kills)
  2 hydras (Lair:3)
  A hill giant (D:12)
  A black mamba (Lair:4)
  An elephant (D:12)
  A spiny frog (Lair:3)
  2 komodo dragons
  2 hydra skeletons (D:12)
  8 yaks
  A redback (Lair:3)
  Eustachio (D:9)
  A shadow (D:7)
  3 hippogriffs
  A vampire mosquito (D:7)
  A hill giant skeleton (D:8)
  An orc warrior (D:12)
  2 porcupines
  A mottled dragon (D:12)
  A black bear (Lair:1)
  3 ogres
  3 sky beasts
  An ice beast (D:8)
  A phantom (D:5)
  3 giant slugs (Lair:2)
  A water moccasin (D:7)
  Blork the orc (D:5)
  A komodo dragon skeleton (D:12)
  An agate snail (Lair:1)
  A manticore skeleton (D:10)
  3 wights (D:7)
  5 killer bees
  3 crimson imps
  2 jellies
  2 hounds (Lair:3)
  An iguana (D:8)
  A scorpion (D:4)
  An orc wizard (D:9)
  A worker ant (D:8)
  An adder (D:4)
  2 gnolls (D:8)
  A green rat (Lair:4)
  A shadow imp (D:9)
  6 orcs
  A bat (D:8)
  6 jackals
  A quokka (D:7)
  A goblin (D:7)
  3 kobolds
  2 rats
  A fungus (Lair:3)
92 creatures vanquished.

Vanquished Creatures (others)
  13 wandering mushrooms
  A necrophage (D:12)
  A centaur (D:12)
  A sky beast zombie (D:12)
  A giant spore (D:12)
  214 toadstools
231 creatures vanquished.

Grand Total: 697 creatures vanquished

Notes
Turn   | Place    | Note
--------------------------------------------------------------
     0 | D:1      | M4edhros, the Octopode Artificer, began the quest for the Orb.
     0 | D:1      | Reached XP level 1. HP: 14/14 MP: 1/1
   208 | D:2      | Reached XP level 2. HP: 6/19 MP: 3/3
   490 | D:2      | Noticed Sigmund
   498 | D:2      | Killed Sigmund
   498 | D:2      | Reached skill level 4 in Dodging
   498 | D:2      | Reached XP level 3. HP: 13/24 MP: 4/4
   498 | D:2      | Reached XP level 4. HP: 15/29 MP: 6/6
   736 | D:2      | You fall through a shaft!
  1114 | D:4      | Reached skill level 5 in Dodging
  1114 | D:4      | Reached XP level 5. HP: 4/34 MP: 7/7
  1358 | D:4      | Paralysed by a potion of paralysis for 4 turns
  1631 | D:4      | Found a staircase to the Ecumenical Temple.
  1640 | Temple   | Entered the Ecumenical Temple
  1646 | Temple   | Became a worshipper of Fedhas Madash
  2140 | D:3      | Reached skill level 1 in Slings
  2471 | D:3      | Found a burning altar of Makhleb.
  2486 | D:3      | Reached XP level 6. HP: 32/39 MP: 9/9
  2695 | D:2      | Found a shattered altar of Ashenzari.
  3222 | D:1      | Acquired Fedhas' first power
  3433 | D:4      | Noticed an ogre
  3446 | D:4      | Killed an ogre
  3446 | D:4      | Reached skill level 6 in Dodging
  3446 | D:4      | Reached skill level 1 in Invocations
  3798 | D:4      | Reached XP level 7. HP: 44/44 MP: 10/10
  3828 | D:5      | Entered Level 5 of the Dungeon
  3831 | D:5      | Noticed Blork the orc
  4001 | D:5      | Killed Blork the orc
  4493 | D:5      | Reached skill level 1 in Throwing
  4494 | D:5      | Acquired Fedhas' second power
  5193 | D:6      | Reached XP level 8. HP: 38/50 MP: 12/12
  5252 | D:6      | Found Hidaet's Armour Emporium.
  6087 | D:7      | Reached skill level 5 in Slings
  6152 | D:7      | Reached skill level 5 in Invocations
  6281 | D:7      | Got a slimy dagger {freeze}
  6552 | D:7      | Reached skill level 7 in Dodging
  6570 | D:7      | Acquired Fedhas' third power
  6716 | D:7      | Gained mutation: You are somewhat resistant to further mutation. [mutagenic meat]
  6876 | D:7      | Reached XP level 9. HP: 37/54 MP: 17/17
  7259 | D:8      | Reached skill level 5 in Throwing
  7390 | D:8      | Found Juj Apru's Jewellery Emporium.
  7454 | D:8      | Bought an uncursed ring of poison resistance for 240 gold pieces
  7636 | D:8      | Gained mutation: You have a fast metabolism. [mutagenic meat]
  7770 | D:8      | Found a snail-covered altar of Cheibriados.
  7858 | D:8      | Gained mutation: You are somewhat resistant to both further mutation and mutation removal. [mutagenic meat]
  7909 | D:8      | Found Zaggymn's Armour Shoppe.
  7961 | D:8      | Acquired Fedhas' fourth power
  7974 | D:8      | Found a staircase to the Orcish Mines.
  7976 | D:8      | Found Ynaifayg's Weapon Shoppe.
  8112 | D:9      | Noticed a red wasp
  8123 | D:9      | Noticed a swamp dragon
  8123 | D:9      | a red wasp changed into a swamp dragon
  8126 | D:9      | Killed a swamp dragon
  8220 | D:9      | Noticed Eustachio
  8239 | D:9      | Killed Eustachio
  8270 | D:9      | Noticed Gastronok
  8289 | D:9      | Found a radiant altar of Vehumet.
  8298 | D:9      | Was placed under penance by Fedhas
  8316 | D:9      | Killed Gastronok
  8316 | D:9      | Reached skill level 8 in Slings
  8316 | D:9      | Reached XP level 10. HP: 43/60 MP: 19/21
  8335 | D:9      | Identified the +6,+8 dagger "Striewey" {freeze, Hunger+ rF+ Int+2} (You took it off a crimson imp on level 7 of the Dungeon)
  8386 | D:9      | Found a radiant altar of Vehumet.
  8678 | D:9      | Found a white marble altar of Elyvilon.
  8681 | D:9      | Found a glowing silver altar of Zin.
  8684 | D:9      | Found a basalt altar of Yredelemnul.
  8711 | D:10     | Entered Level 10 of the Dungeon
  9054 | D:11     | Reached skill level 9 in Invocations
  9125 | D:11     | Learned a level 3 spell: Mephitic Cloud
  9152 | D:11     | Reached skill level 1 in Poison Magic
  9234 | D:11     | Noticed a hill giant
  9245 | D:11     | Killed a hill giant
  9245 | D:11     | Reached skill level 1 in Conjurations
  9245 | D:11     | Reached skill level 1 in Air Magic
  9327 | D:11     | Reached skill level 1 in Spellcasting
  9634 | D:11     | Reached XP level 11. HP: 48/64 MP: 23/23
  9711 | D:11     | Found Psaeddih's Distillery.
  9716 | D:11     | Bought a potion of heal wounds for 42 gold pieces
  9716 | D:11     | Bought a potion of heal wounds for 42 gold pieces
  9756 | D:11     | Noticed a hill giant
  9761 | D:11     | Noticed a hill giant
  9765 | D:11     | Killed a hill giant
  9793 | D:11     | Killed a hill giant
  9856 | D:11     | Noticed an ice statue
  9942 | D:11     | Killed an ice statue
  9973 | D:11     | Got a faintly glowing ivory ring
  9976 | D:11     | Got a pitted steel ring
 10445 | D:11     | Learned a level 3 spell: Conjure Flame
 10459 | D:11     | Reached skill level 5 in Poison Magic
 10880 | D:10     | Was forgiven by Fedhas
 11308 | D:10     | Identified the ring of Leaves {Str+2 Int+4} (You found it on level 11 of the Dungeon)
 11325 | D:10     | Learned a level 6 spell: Poisonous Cloud
 11798 | D:11     | Noticed an unseen horror
 11811 | D:11     | Killed an unseen horror
 11949 | D:12     | Identified the ring "Quiq Stu Stra" {Wiz rElec rPois rN+} (You found it on level 11 of the Dungeon)
 12007 | D:12     | Reached XP level 12. HP: 49/70 MP: 25/25
 12077 | D:12     | Found a staircase to the Lair.
 12082 | D:12     | Reached skill level 10 in Invocations
 12137 | D:12     | Noticed a hill giant
 12149 | D:12     | Killed a hill giant
 12197 | D:12     | Noticed an unseen horror
 12198 | D:12     | Killed an unseen horror
 12745 | D:12     | Noticed Erica
 12759 | D:12     | Killed Erica
 13125 | Lair:1   | Entered Level 1 of the Lair of Beasts
 13231 | Lair:1   | Noticed Harold
 13249 | Lair:1   | Killed Harold
 13594 | Lair:1   | Got a cursed -1,-2 steaming spear {slay drac}
 14487 | Lair:2   | Reached skill level 10 in Slings
 15034 | Lair:2   | Learned a level 3 spell: Regeneration
 15549 | Lair:3   | Noticed a seven-headed hydra
 15568 | Lair:3   | Killed a seven-headed hydra
 15568 | Lair:3   | Reached skill level 5 in Conjurations
 15629 | Lair:3   | Noticed a four-headed hydra
 15639 | Lair:3   | Killed a four-headed hydra
 15639 | Lair:3   | Reached skill level 5 in Air Magic
 15949 | Lair:3   | Found a hole to the Spider Nest.
 16015 | Lair:3   | Found a snail-covered altar of Cheibriados.
 16037 | Lair:3   | Acquired Fedhas' fifth power
 16501 | Lair:4   | Reached skill level 10 in Dodging
 16893 | Lair:4   | Reached XP level 13. HP: 52/74 MP: 26/26
 17489 | Lair:4   | You fall through a shaft!
 17620 | Lair:6   | Slain by a spiny frog

Action                   |  1- 3 |  4- 6 |  7- 9 | 10-12 | 13-15 || total
-------------------------+-------+-------+-------+-------+-------++-------
Melee: Short sword       |    24 |    96 |   156 |    40 |       ||   316
       Battleaxe         |       |       |     5 |       |       ||     5
       Dagger            |       |       |       |    93 |    28 ||   121
       Sling             |       |       |       |     1 |       ||     1
 Fire: Sling             |       |   124 |   159 |   806 |    92 ||  1181
       Blowgun           |       |       |       |    88 |       ||    88
 Cast: Mephitic Cloud    |       |       |       |    16 |     2 ||    18
       Conjure Flame     |       |       |       |     7 |       ||     7
       Regeneration      |       |       |       |     1 |       ||     1
Invok: Evolution         |       |     1 |     4 |    10 |       ||    15
       Sunlight          |       |       |    22 |     7 |       ||    29
 Abil: Evoke Teleport Co |       |       |     5 |       |       ||     5
Evoke: Wand              |       |    11 |    19 |    27 |       ||    57
       Miscellaneous     |       |       |       |     1 |       ||     1
  Use: Potion            |     1 |     7 |     6 |     6 |       ||    20
       Scroll            |     1 |    11 |     4 |    21 |     1 ||    38
 Stab: Sleeping          |       |     4 |     7 |     3 |       ||    14
       Confused          |       |       |     1 |     4 |     3 ||     8
       Distracted        |       |       |       |     1 |       ||     1
